 Dungeon Crawl Stone Soup version 0.20.1-1-g8b1a95d (webtiles) character file.

426 raph the Grave Robber (level 6, -1/45 HPs)
             Began as a Hill Orc Necromancer on July 19, 2017.
             Was an Initiate of Ashenzari.
             Slain by a phantom (7 damage)
             ... on level 4 of the Dungeon on July 24, 2017.
             The game lasted 00:11:46 (5927 turns).

raph the Grave Robber (Hill Orc Necromancer)        Turns: 5927, Time: 00:11:47

Health: -1/45      AC:  5    Str: 11    XL:     6   Next: 97%
Magic:  9/9        EV: 11    Int: 17    God:    Ashenzari [......]
Gold:   243        SH:  3    Dex: 11    Spells: 0/10 levels left

rFire    . . .     SeeInvis .   s - +1 whip (freeze)
rCold    . . .     Gourm    .   j - +0 buckler
rNeg     . . .     Faith    .   E - +1 leather armour (curse)
rPois    .         Spirit   .   (no helmet)
rElec    .         Reflect  .   (no cloak)
rCorr    .         Harm     .   f - +0 pair of gloves
MR       .....                  (no boots)
Stlth    ++........             (no amulet)
Regen    0.2/turn               (no ring)
MPRegen  0.2/turn               (no ring)

@: no status effects
A: no striking features
a: Curse Item, Renounce Religion


You were on level 4 of the Dungeon.
You worshipped Ashenzari.
Ashenzari was noncommittal.
You were hungry.

You visited 1 branch of the dungeon, and saw 5 of its levels.

You collected 243 gold pieces.

Inventory:

Hand Weapons
 g - a +0 dagger
 s - a +1 whip of freezing (weapon)
 v - a +0 war axe
Armour
 a - a +0 robe
 f - a +0 pair of gloves (worn)
 j - a +0 buckler (worn)
 B - a +0 leather armour
 E - a cursed +1 leather armour (worn)
Jewellery
 t - an uncursed ring of fire
 D - an uncursed ring of ice
 F - an uncursed ring of protection from magic
Wands
 w - a wand of paralysis (24/24)
Scrolls
 h - a scroll of blinking
 k - 5 scrolls of remove curse
 l - a scroll of enchant armour
 m - a scroll of recharging
 n - 4 scrolls of identify
 o - 3 scrolls of teleportation {unknown}
 q - a scroll of noise {unknown}
 u - a scroll of amnesia {unknown}
 y - a scroll of fear {unknown}
 z - a scroll of enchant weapon {unknown}
 A - a scroll of fog {unknown}
 H - 2 scrolls of magic mapping {unknown}
Potions
 e - a potion of curing {unknown}
 i - a potion of berserk rage {unknown}
 p - a potion of degeneration {unknown}
 x - a potion of mutation {unknown}
 G - a potion of agility {unknown}
Books
 b - a book of Necromancy

   Spells                             Type                      Level
   a - Pain                           Necromancy                   1
   b - Animate Skeleton               Necromancy                   1
   c - Vampiric Draining              Necromancy                   3
   d - Regeneration                   Charms/Necromancy            3
   e - Animate Dead                   Necromancy                   4
   f - Control Undead                 Necromancy                   4
 r - a book of Minor Magic

   Spells                             Type                      Level
   a - Magic Dart                     Conjuration                  1
   b - Blink                          Translocation                2
   c - Call Imp                       Summoning                    2
   d - Slow                           Hexes                        2
   e - Conjure Flame                  Conjuration/Fire             3
   f - Mephitic Cloud                 Conjuration/Poison/Air       3
Comestibles
 c - 3 bread rations
 C - a royal jelly


   Skills:
 + Level 0.7 Armour
 + Level 2.9 Dodging
 + Level 3.2 Stealth
 * Level 1.2 Shields
 + Level 2.5 Spellcasting
 * Level 5.8 Necromancy


You couldn't memorise any spells.
You knew the following spells:

 Your Spells              Type           Power        Failure   Level  Hunger
a - Pain                  Necr           ###.         3%          1    #......
b - Animate Skeleton      Necr           N/A          3%          1    #......
c - Regeneration          Chrm/Necr      ##........   32%         3    ###....
d - Animate Dead          Necr           N/A          32%         4    #####..
e - Magic Dart            Conj           #...         34%         1    #......


Dungeon Overview and Level Annotations

Branches:
Dungeon (5/15)
 Temple: D:4-7

Altars:
Ashenzari
Cheibriados
Hepliaklqana
Yredelemnul
The Shining One

Annotations:
D:3 foolusion's ghost, weakling DsWz


Message History

You are too injured to fight recklessly!
You are too injured to fight recklessly!
You are too injured to fight recklessly!
You are too injured to fight recklessly!
You are too injured to fight recklessly!
You hit the phantom.
The phantom is severely damaged.
The phantom hits you but does no damage.
You closely miss the phantom.
The phantom is severely damaged.
The phantom hits you!
You hit the phantom.
The phantom is almost destroyed.
The phantom closely misses you.
You miss the phantom.
The phantom is almost destroyed.
The phantom hits you!
* * * LOW HITPOINT WARNING * * *
The phantom hits you!
You die...

#.########.. .....#...#
#.....## ..# #.........
#####..# .# #......... ##.##.#
#......... #.# #..#.#
#......... #.# ##...#
##......... ####.#####
#...#####..........
#........####.........##..#.#..
#........#....@W.####....##.#..
#........#......### #.#..#..#..
#.................###.#.#..##..
#...>....#................#####
#........#......#..####......(.
#...W...........#...##..###.###
#####...##..................#
#...##.............######
###...#.........#....###


You could see a phantom.

Vanquished Creatures
  A bullfrog (D:5)
  A scorpion (D:4)
  A howler monkey (D:5)
  A hound (D:4)
  An orc wizard (D:5)
  Ijyb (D:4)
  An iguana (D:5)
  A worker ant (D:4)
  5 adders
  2 adder skeletons
  3 worms
  4 dart slugs
  3 leopard geckos
  10 orcs
  2 ball pythons
  2 giant cockroaches (D:1)
  10 goblins
  3 hobgoblins
  5 jackals (D:2)
  10 kobolds
  3 quokkas
  9 bats
  A frilled lizard (D:4)
  7 rats
87 creatures vanquished.

Vanquished Creatures (collateral kills)
  A goblin (D:1)
  A bat (D:1)
  A rat (D:1)
3 creatures vanquished.

Grand Total: 90 creatures vanquished

Notes
Turn   | Place    | Note
-------+----------+-------------------------------------------
     0 | D:1      | raph the Hill Orc Necromancer began the quest for the Orb.
     0 | D:1      | Reached XP level 1. HP: 14/14 MP: 3/3
    47 | D:1      | Learned a level 1 spell: Animate Skeleton
   445 | D:1      | Reached XP level 2. HP: 20/20 MP: 2/4
   587 | D:1      | Found a shattered altar of Ashenzari.
   712 | D:1      | Became a worshipper of Ashenzari the Shackled
  1007 | D:1      | Reached XP level 3. HP: 25/26 MP: 2/5
  1730 | D:2      | Learned a level 3 spell: Regeneration
  2168 | D:2      | Found a basalt altar of Yredelemnul.
  2480 | D:2      | Reached XP level 4. HP: 32/33 MP: 3/6
  2657 | D:3      | Found a faded altar of an unknown god.
  2682 | D:3      | Noticed foolusion's ghost (weakling DsWz)
  3283 | D:4      | Reached skill level 5 in Necromancy
  3283 | D:4      | Reached XP level 5. HP: 2/38 MP: 0/8
  3587 | D:4      | Noticed Ijyb
  3597 | D:4      | Killed Ijyb
  4126 | D:4      | Reached XP level 6. HP: 31/45 MP: 4/9
  4249 | D:4      | Found a snail-covered altar of Cheibriados.
  4412 | D:4      | Learned a level 4 spell: Animate Dead
  4424 | D:4      | Noticed a phantom
  4436 | D:5      | Entered Level 5 of the Dungeon
  5224 | D:5      | Learned a level 1 spell: Magic Dart
  5316 | D:5      | Reached skill level 1 in Shields
  5489 | D:5      | Found a hazy altar of Hepliaklqana.
  5747 | D:5      | Found a glowing golden altar of the Shining One.
  5927 | D:4      | Slain by a phantom

Skill      XL: |  1  2  3  4  5  6 |
---------------+-------------------+-----
Stealth        | 2 3 |  3.2
Dodging        | 2 |  2.9
Spellcasting   | 2 |  2.5
Necromancy     | 5 |  5.8
Shields        | 1 |  1.2
Armour         | |  0.7

Action                   |  1- 3 |  4- 6 || total
-------------------------+-------+-------++-------
Melee: Dagger            |    23 |       ||    23
       Whip              |       |    72 ||    72
 Cast: Pain              |    66 |   112 ||   178
       Animate Skeleton  |    14 |    12 ||    26
       Animate Dead      |       |     3 ||     3
  Use: Scroll            |       |     4 ||     4
 Stab: Distracted        |     1 |       ||     1
  Eat: Chunk             |     1 |    13 ||    14
       Meat ration       |     1 |       ||     1
Armor: Robe              |    10 |    12 ||    22
       Leather armour    |       |     6 ||     6
Dodge: Dodged            |    26 |    56 ||    82
Block: Buckler           |       |     7 ||     7
